 Dungeon Crawl Stone Soup version 0.14.0-12-g87ee3b7 (webtiles) character file.

251 MDvedh the Chopper (level 5, -7/42 HPs)
             Began as a Minotaur Death Knight on Apr 15, 2014.
             Was a Believer of Yredelemnul.
             Hit by a tomahawk thrown by an orc warrior (13 damage)
             ... on Level 3 of the Dungeon.
             The game lasted 00:02:06 (2062 turns).

MDvedh the Chopper (Minotaur Death Knight)          Turns: 2062, Time: 00:02:06

HP  -7/42        AC  9     Str 18      XL: 5   Next:  8%
MP   4/4         EV  6     Int  8      God: Yredelemnul [**....]
Gold 103         SH  0     Dex 10      Spells:  0 memorised,  4 levels left

rFire  . . .     SeeInvis .     a - +1 hand axe
rCold  . . .     Clarity  .     e - +0 chain mail
rNeg   . . .     Conserve .     (no shield)
rPois  .         rCorr    .     (helmet restricted)
rElec  .         rRot     .     (no cloak)
SustAb . .       Spirit   .     g - +0 pair of gloves
rMut   .         Warding  .     (no boots)
Saprov . . .     Stasis   .     (no amulet)
MR     .....                    (no ring)
                                (no ring)

@: invisible, very slightly contaminated, not resistant to hostile enchantments,
extremely unstealthy
A: retaliatory headbutt, horns 2
a: Animate Remains, Recall Undead Slaves, Injury Mirror, Renounce Religion


You were on level 3 of the Dungeon.
You worshipped Yredelemnul.
Yredelemnul was pleased with you.
You were not hungry.

You visited 1 branch of the dungeon, and saw 3 of its levels.

You collected 103 gold pieces.

Inventory:

Hand weapons
 a - a +1,+1 hand axe (weapon)
Armour
 e - a +0 chain mail (worn)
 g - a +0 pair of gloves (worn)
Comestibles
 c - a bread ration
 n - a choko
 t - a pear
Scrolls
 b - 2 scrolls of fear {unknown}
 d - a scroll of teleportation {unknown}
 f - 5 scrolls of remove curse {unknown}
 i - 2 scrolls of magic mapping {unknown}
 j - a scroll of blinking {unknown}
 k - a scroll of immolation {unknown}
 l - 2 scrolls of noise {unknown}
 m - a scroll of enchant weapon I {unknown}
 q - a scroll of identify {unknown}
Jewellery
 h - a +1 ring of evasion {unknown}
Potions
 o - a potion of invisibility
 r - a potion of curing {unknown}
 s - a potion of heal wounds {unknown}


   Skills:
 - Level 2.4 Fighting
 + Level 6.4 Axes
 - Level 1.2 Armour
 - Level 1.1 Dodging
 - Level 2.6 Invocations


You had 4 spell levels left.
You didn't know any spells.

Dungeon Overview and Level Annotations

Branches:
Dungeon (3/15)

Altars:
Okawaru


Innate Abilities, Weirdness & Mutations

You reflexively headbutt those who attack you in melee.
You have a pair of horns on your head.


Message History

The orc warrior hits you but does no damage.
You closely miss the orc warrior.
The orc warrior is moderately wounded.
The orc warrior hits you with a hand axe!
* * * LOW HITPOINT WARNING * * *
You are too injured to fight recklessly!
You are too injured to fight recklessly!
Drink which item? (? for menu, Esc to quit)
You fade into invisibility!
It was a potion of invisibility.
The orc warrior hits you but does no damage.
You are very lightly contaminated with residual magic.
All of the chunks of flesh in your inventory have completely rotted away.
There is an open door here.
The orc warrior throws a tomahawk.
The tomahawk hits you!
* * * LOW HITPOINT WARNING * * *
You see here a tomahawk.
The orc warrior throws a tomahawk.
The tomahawk hits you!
You die...
Your body rises from the dead as a mindless zombie.

#......# ###... ##'#####
#... #.### #### #...# ###.#
# ######'##### #.
#..........# #..
####..........# #
#...##oo'(@........# #####
#...)(.##..........# #....
#...#####..........####.###
#.. #..........'....# #.
#........[.###### #
########(.## ######..##
######### #........###
........# ######........'.#
###


You could see an orc warrior and an orc.

Vanquished Creatures
  A giant frog zombie (D:3)
  An orc priest (D:3)
  2 adders (D:3)
  3 giant geckos
  10 orcs
  3 hobgoblins
  4 kobolds
  A quokka (D:2)
  A ball python (D:1)
  7 bats
  4 giant newts
  5 goblins
  11 jackals
  6 rats
59 creatures vanquished.

Notes
Turn   | Place    | Note
--------------------------------------------------------------
     0 | D:1      | MDvedh, the Minotaur Death Knight, began the quest for the Orb.
     0 | D:1      | Reached XP level 1. HP: 18/18 MP: 1/1
   138 | D:1      | Reached skill level 3 in Axes
   339 | D:1      | Reached XP level 2. HP: 22/25 MP: 1/1
   515 | D:1      | Reached skill level 4 in Axes
   980 | D:2      | Acquired Yredelemnul's second power
  1095 | D:2      | Reached XP level 3. HP: 30/30 MP: 3/3
  1653 | D:3      | Found an iron altar of Okawaru.
  1757 | D:3      | Reached skill level 5 in Axes
  1858 | D:3      | Reached XP level 4. HP: 34/37 MP: 3/3
  1981 | D:3      | Reached skill level 6 in Axes
  1988 | D:3      | Reached XP level 5. HP: 35/42 MP: 4/4
  2043 | D:3      | Noticed an orc warrior
  2062 | D:3      | Hit by a tomahawk thrown by an orc warrior

Action                   |  1- 3 |  4- 6 || total
-------------------------+-------+-------++-------
Melee: Hand axe          |   128 |    41 ||   169
  Use: Potion            |       |     1 ||     1
